Map: Newkirk Precinct TE (Void)

Players

SortOf - Winner!

  • Race: Zerg Zerg
  • Spawn Location: 5:00

Mokomi

  • Race: Protoss Protoss
  • Spawn Location: 7:00

Event: WCS Austin 2017

VOD

Have the link to the VOD?

Description

Time

  • Played on: April 28, 2017, 4:55 p.m.
  • Length: 9:36

All games in this series

Show
View Real Time Build Order
Export as new Build Order

SortOf Zerg - Winner!

Build Orders: Hatch First 

Get SALT Encoding   

  12  0:01  Drone  
  13  0:13  Overlord  
  13  0:17  Drone  
  14  0:32  Drone x2  
  16  0:38  Drone  
  17  0:53  Hatchery  
  17  0:56  Drone  
  17  0:59  Drone  
  18  1:10  Extractor  
  17  1:15  Spawning Pool  
  17  1:17  Drone  
  17  1:21  Drone  
  18  1:29  Drone  
  19  1:39  Overlord  
  19  1:51  Drone  
  20  2:01  Queen  
  20  2:02  Zergling x2  
  20  2:04  Queen  
  20  2:05  Zergling x2  
  26  2:12  Drone  
  26  2:13  Metabolic Boost  
  27  2:18  Drone  
  28  2:26  Drone x2  
  30  2:35  Drone  
  31  2:42  Hatchery  
  30  2:44  Drone  
  31  2:52  Pneumatized Carapace  
  31  2:56  Overlord  
  31  2:57  Drone  
  32  3:01  Drone  
  32  3:02  Drone  
  34  3:06  Drone  
  34  3:12  Drone  
  36  3:15  Zergling x4  
  36  3:17  Drone x2  
  40  3:20  Drone  
  41  3:32  Drone  
  42  3:35  Drone x2  
  44  3:44  Overlord  
  44  3:45  Baneling Nest  
  44  3:46  Queen, Spore Crawler  
  44  3:47  Evolution Chamber  
  44  3:48  Drone  
  44  3:53  Overlord  
  44  3:59  Drone x3  
  44  4:00  Drone  
  48  4:05  Drone  
  48  4:10  Queen  
  48  4:14  Drone x2  
  52  4:19  Drone x2  
  52  4:20  Drone x3  
  57  4:28  Drone, Zerg Melee Weapons Level 1  
  57  4:29  Overlord  
  58  4:36  Spore Crawler  
  58  4:37  Zergling x10  
  62  4:43  Extractor  
  62  4:44  Drone x2  
  63  4:45  Extractor  
  63  4:50  Queen  
  64  4:53  Zergling x8  
  64  4:59  Overlord  
  68  5:02  Drone  
  68  5:03  Drone x3  
  68  5:06  Drone  
  73  5:10  Overlord  
  73  5:13  Overlord  
  73  5:16  Queen  
  73  5:18  Overlord  
  75  5:23  Spore Crawler x2  
  75  5:24  Overlord  
  75  5:25  Baneling  
  75  5:26  Baneling x8  
  74  5:28  Zergling x4  
  75  5:37  Zergling x12  
  81  5:51  Lair, Zergling x2  
  81  5:52  Zergling x12  
  88  5:58  Overlord  
  88  5:59  Drone x3  
  88  6:00  Drone  
  88  6:02  Drone  
  93  6:07  Overlord  
  93  6:08  Drone  
  93  6:20  Drone x2  
  93  6:31  Hatchery  
  84  6:33  Drone x4  
  82  6:42  Extractor  
  82  6:44  Drone x3, Hatchery  
  82  6:45  Drone x3  
  86  6:47  Drone x3  
  86  6:52  Zerg Melee Weapons Level 2, Centrifical Hooks, Extractor  
  86  6:53  Extractor  
  87  6:55  Zergling x6  
  87  6:56  Hydralisk Den  
  89  7:04  Drone x3  
  89  7:05  Queen  
  89  7:07  Zergling x10  
  99  7:23  Zergling x16  
  99  7:25  Baneling  
  99  7:26  Baneling x12  
  107  7:33  Muscular Augments, Hydralisk x2  
  107  7:35  Drone  
  107  7:36  Drone x2  
  114  7:37  Drone x2  
  114  7:40  Drone x2  
  114  7:43  Drone x2  
  120  7:50  Overlord  
  118  7:55  Zergling x4  
  118  7:56  Zergling x8  
  124  8:01  Drone  
  124  8:06  Hydralisk  
  124  8:07  Hydralisk x3  
  132  8:16  Hydralisk x4, Hatchery  
  139  8:25  Hydralisk x5  
  149  8:27  Overlord  
  149  8:36  Overlord  
  149  8:37  Overlord, Overseer  
  149  8:44  Overlord  
  149  8:45  Hydralisk x4  
  157  8:50  Baneling x14  
  157  8:55  Hydralisk x2  
  159  8:58  Hydralisk  
  159  8:59  Hydralisk  
  159  9:01  Zergling x8  
  167  9:10  Baneling x7  
  167  9:12  Zergling x16  
Show
View Real Time Build Order
Export as new Build Order

Mokomi Protoss 

Build Orders: 1 Gate Expand, Zealot Archon 

Get SALT Encoding   

  12  0:00  Probe (Chrono Boost)  
  13  0:11  Probe (Chrono Boost)  
  14  0:21  Pylon  
  14  0:22  Probe (Chrono Boost)  
  15  0:39  Probe (Chrono Boost)  
  15  0:40  Gateway  
  16  0:45  Assimilator  
  17  0:50  Probe (Chrono Boost)  
  17  1:00  Probe (Chrono Boost)  
  17  1:01  Assimilator  
  18  1:11  Probe (Chrono Boost)  
  19  1:25  Probe (Chrono Boost)  
  20  1:37  Nexus  
  20  1:49  Cybernetics Core  
  20  1:54  Probe (Chrono Boost)  
  21  2:07  Probe (Chrono Boost), Pylon  
  22  2:17  Probe (Chrono Boost)  
  23  2:23  Stalker  
  23  2:25  Warp Gate  
  25  2:40  Robotics Facility  
  24  2:47  Mothership Core (Chrono Boost)  
  24  2:49  Probe (Chrono Boost)  
  27  2:54  Sentry  
  29  2:59  Probe (Chrono Boost)  
  29  3:05  Probe (Chrono Boost)  
  31  3:11  Probe (Chrono Boost), Pylon  
  32  3:17  Probe (Chrono Boost)  
  33  3:20  Sentry  
  33  3:24  Probe (Chrono Boost)  
  36  3:27  Probe (Chrono Boost)  
  37  3:37  Immortal  
  37  3:41  Probe (Chrono Boost)  
  42  3:46  Probe (Chrono Boost)  
  42  3:51  Gateway  
  42  3:57  Probe (Chrono Boost)  
  42  3:59  Probe (Chrono Boost)  
  44  4:07  Probe (Chrono Boost)  
  45  4:11  Probe (Chrono Boost)  
  45  4:14  Warp Prism  
  45  4:15  Gateway  
  46  4:18  Probe (Chrono Boost)  
  46  4:24  Probe (Chrono Boost)  
  50  4:27  Assimilator  
  50  4:32  Probe (Chrono Boost)  
  50  4:35  Pylon  
  50  4:36  Probe (Chrono Boost)  
  52  4:39  Pylon  
  52  4:43  Adept  
  54  4:52  Observer  
  55  5:04  Sentry  
  57  5:13  Gateway  
  57  5:16  Gateway  
  57  5:17  Nexus  
  57  5:19  Pylon  
  57  5:22  Pylon  
  57  5:26  Sentry x2  
  57  5:28  Probe (Chrono Boost)  
  63  5:29  Probe (Chrono Boost)  
  63  5:34  Immortal  
  63  5:38  Probe (Chrono Boost)  
  68  5:49  Twilight Council  
  68  5:51  Assimilator, Forge, Probe (Chrono Boost)  
  69  5:59  Probe (Chrono Boost)  
  69  6:01  Probe (Chrono Boost)  
  69  6:02  Sentry  
  73  6:07  Gateway  
  74  6:11  Probe (Chrono Boost)  
  74  6:12  Probe (Chrono Boost), Adept  
  77  6:24  Adept  
  79  6:31  Adept  
  79  6:32  Adept  
  75  6:33  Protoss Ground Weapons Level 1  
  75  6:35  Resonating Glaives  
  75  6:36  Probe (Chrono Boost)  
  75  6:37  Probe (Chrono Boost)  
  65  6:41  Probe (Chrono Boost)  
  65  6:45  Immortal  
  65  6:46  Probe (Chrono Boost)  
  67  6:52  Templar Archives, Probe (Chrono Boost)  
  67  6:53  Probe (Chrono Boost)  
  73  6:57  Probe (Chrono Boost)  
  74  7:03  Probe (Chrono Boost)  
  74  7:05  Probe (Chrono Boost)  
  76  7:12  Probe (Chrono Boost)  
  76  7:13  Probe (Chrono Boost)  
  76  7:14  Adept x4  
  86  7:18  Probe (Chrono Boost)  
  86  7:22  Assimilator  
  88  7:24  Warp Prism, Probe x2 (Chrono Boost)  
  88  7:25  Assimilator  
  92  7:30  Probe (Chrono Boost)  
  92  7:31  High Templar  
  92  7:32  High Templar  
  92  7:36  Archon  
  96  7:37  High Templar  
  96  7:39  Adept  
  96  7:43  Pylon  
  100  7:45  Pylon  
  100  7:48  Pylon, Adept  
  100  7:49  Pylon  
  94  7:52  Probe (Chrono Boost), Pylon  
  94  7:53  Probe x2 (Chrono Boost)  
  94  8:02  Probe (Chrono Boost)  
  94  8:03  High Templar  
  94  8:05  Probe x2 (Chrono Boost)  
  99  8:11  Immortal  
  103  8:13  Probe (Chrono Boost), Archon  
  103  8:16  High Templar  
  103  8:17  High Templar, Probe x2 (Chrono Boost)  
  110  8:23  Probe (Chrono Boost)  
  110  8:24  Archon  
  111  8:28  Adept  
  111  8:29  Probe (Chrono Boost), Adept x2  
  111  8:30  Probe (Chrono Boost)  
  120  8:34  Probe (Chrono Boost)  
  120  8:38  Adept  
  122  8:50  Adept x5  
  122  8:51  Gateway  
  132  8:59  Adept  
  132  9:02  Pylon  
  134  9:06  Pylon  
  124  9:11  High Templar x2  
  124  9:12  High Templar  
  124  9:13  High Templar  
  124  9:14  Adept  
  124  9:16  Archon  
  134  9:17  Archon  
  134  9:20  Adept  
Tags
 
Add a new tag
Caveats
  • Supply blocks, unpowered buildings, or Contaminate may cause inaccurate times.
  • Supply counts are checked every 10 seconds.